 Dungeon Crawl Stone Soup version 0.29.1-12-g30fa7ad0bf (webtiles) character file.

Game seed: 11130417802570941554

177 Gabide the Trooper (level 5, 0/42 HPs)
             Began as a Mummy Berserker on Dec 16, 2022.
             Was a Believer of Trog.
             Killed by divine providence
             ... invoked by an orc priest
              (8 damage)
             ... on level 4 of the Dungeon.
             The game lasted 00:05:01 (3232 turns).

Gabide the Trooper (Mummy Berserker)                Turns: 3232, Time: 00:05:03

Health: 0/42       AC:  5    Str: 22    XL:     5   Next: 30%
Magic:  5/5        EV: 11    Int:  7    God:    Trog [**....]
Gold:   153        SH:  0    Dex: 11    Spells: 4/4 levels left

rFire   x . .      SeeInvis .     - Unarmed
rCold   + . .      Faith    .   (no shield)
rNeg    + + +      Spirit   .   h - +0 ring mail
rPois   ∞          Reflect  .   (no helmet)
rElec   .          Harm     .   (no cloak)
rCorr   .          Rampage  .   (no gloves)
Will    .....                   (no boots)
Stlth   +.........              (no amulet)
HPRegen 0.14/turn               (no ring)
MPRegen 0.09/turn               (no ring)

@: no status effects
A: cold resistance 1, negative energy resistance 3, torment resistance 2, heat
vulnerability 1, in touch with death 1, no potions
a: Renounce Religion, Trog's Hand


You were on level 4 of the Dungeon.
You worshipped Trog.
Trog was pleased with you.
You visited 1 branch of the dungeon, and saw 4 of its levels.

You collected 153 gold pieces.

Inventory:

Hand Weapons
 a - a +0 sling
Missiles
 e - 7 poisoned darts
Armour
 h - a +0 ring mail (worn)
Jewellery
 f - a ring of resist corrosion
Scrolls
 b - a scroll of teleportation
 c - a scroll of butterflies
 g - a scroll of enchant weapon
 i - 2 scrolls of identify


   Skills:
 * Level 4.0 Fighting
 + Level 2.4 Armour
 - Level 2.0 Dodging
 * Level 3.7 Unarmed Combat


You had 4 spell levels left.
You didn't know any spells.
Your spell library was empty.

Dungeon Overview and Level Annotations

Branches:
Dungeon (4/15)
 Temple: D:4-7

Altars:
Cheibriados
Fedhas
Sif Muna

Annotations:
D:4 Menkaure


Innate Abilities, Weirdness & Mutations

You are immune to poison.
Your flesh is cold resistant. (rC+)
You are immune to negative energy. (rN+++)
You are immune to unholy pain and torment.
You are vulnerable to heat. (rF-)
You are in touch with the powers of death.
You do not drink.


Message History

The water moccasin closely misses you. The water moccasin bites you.
Unknown command.
You hit the water moccasin.
The water moccasin is severely wounded.
The water moccasin closely misses you.
You barely miss the water moccasin.
The water moccasin is severely wounded.
The water moccasin bites you. x2
An orc comes into view. It is wielding a +0 dagger.
The orc shouts!
You punch the water moccasin!
The water moccasin is almost dead.
The water moccasin barely misses you.
An orc priest comes into view. It is wielding a +1 hand axe of venom.
An orc comes into view. It is wielding a +3 mace of venom.
You closely miss the water moccasin.
The water moccasin is almost dead.
The orc shouts!
The water moccasin barely misses you.
You miss the water moccasin.
The water moccasin is almost dead.
The water moccasin bites you but does no damage.
Menkaure, Prince of Dust comes into view.
The water moccasin bites you but does no damage.
You closely miss the water moccasin.
The water moccasin is almost dead.
The water moccasin bites you but does no damage.
You completely miss the water moccasin.
The water moccasin is almost dead.
The water moccasin bites you.
You hit the water moccasin but do no damage.
The water moccasin is almost dead.
The water moccasin bites you.
You barely miss the water moccasin. Your punch misses the water moccasin.
The water moccasin is almost dead.
The water moccasin bites you.
* * * LOW HITPOINT WARNING * * *
The orc priest mumbles some strange prayers to Beogh against you.
Beogh smites you!
You die...

#......# #.###........#
#.#....#...#..##.##..####
# #....#.≈.#..##.#...#
.....#...#....>#######
#######.≈.#...###.....#
#####....#...#.....#.._.)#
....$...##.≈.#.....#.....#
#..K...##...#.....#⌠#.#⌠#
#?.....#≈@≈.≈.....###.###
#....ooKS≈.≈..........#
...(...o###............#
..#.(...# ####.........# .
####### ###########


You could see a water moccasin, an orc priest, 2 orcs and a kobold.

Vanquished Creatures
  A scorpion (D:4)
  Jessica (D:2)
  3 adders (D:2)
  2 worms
  2 dart slugs (D:1)
  2 orcs
  3 bats (D:1)
  5 endoplasms
  4 giant cockroaches
  6 hobgoblins
  3 quokkas
  6 ball pythons
  2 frilled lizards (D:1)
  A goblin (D:1)
  6 kobolds
  5 rats
52 creatures vanquished.

Notes
Turn   | Place    | Note
-------+----------+-------------------------------------------
     0 | D:1      | Gabide the Mummy Berserker began the quest for the Orb.
     0 | D:1      | Reached XP level 1. HP: 18/18 MP: 1/1
   301 | D:1      | Found a faded altar of an unknown god.
   312 | D:1      | Reached XP level 2. HP: 16/24 MP: 2/2
   932 | D:1      | Reached ** piety under Trog
   995 | D:1      | Gained mutation: You are in touch with the powers of death.
                  | [Mummy growth]
   995 | D:1      | Reached XP level 3. HP: 29/29 MP: 3/3
  1998 | D:2      | Noticed Jessica
  2004 | D:2      | Killed Jessica
  2005 | D:2      | Reached XP level 4. HP: 31/35 MP: 4/4
  2411 | D:2      | Identified the +5 short sword "Vutan" {holy, *Noise Str+4
                  | Int+7}
  2768 | D:3      | Found a blossoming altar of Fedhas.
  2882 | D:3      | Found a shimmering blue altar of Sif Muna.
  3110 | D:4      | Noticed a scorpion
  3120 | D:4      | Killed a scorpion
  3121 | D:4      | Reached skill level 4 in Fighting
  3121 | D:4      | Reached XP level 5. HP: 42/42 MP: 5/5
  3180 | D:4      | Found a snail-covered altar of Cheibriados.
  3204 | D:4      | Noticed a water moccasin
  3228 | D:4      | Noticed Menkaure
  3232 | D:4      | Killed from afar by an orc priest

Illustrated notes

Levels and vault maps discovered:
D:1:      psy_arrival_conway, layout_basic,
          chequers_ecumenical_altar_simple_redux, kennysheep_decorative_pillar,
          hex_intersection
D:2:      minmay_spotlight, layout_loops_cross, bh_walls_and_bars, uniq_jessica
D:3:      layout_rooms, fedhas_altar_2, mainiacjoe_overflow_chevrons,
          palyth_stone_intersect
D:4:      layout_basic, mainiacjoe_overflow_alcove_2, nicolae_ru_path_of_blood,
          minmay_temple_entry_glass, serial_shops, shop, uniq_menkaure,
          uniq_edmund

Skill      XL: |  1  2  3  4 |
---------------+-------------+-----
Unarmed Combat | 3 |  3.7
Armour         | 2 |  2.4
Dodging        | 2 |  2.0
Fighting       | 4 |  4.0

Action                   |  1- 3 |  4- 6 || total
-------------------------+-------+-------++-------
Melee: Unarmed           |    82 |    75 ||   157
       Punch             |     1 |     1 ||     2
 Fire: Sling             |    50 |    36 ||    86
Throw: Dart              |       |     4 ||     4
       Javelin           |       |     4 ||     4
Invok: Trog's Hand       |       |     3 ||     3
  Use: Scroll            |       |     3 ||     3
 Stab: Sleeping          |     1 |       ||     1
Armor: Animal skin       |    16 |       ||    16
       Leather armour    |       |    11 ||    11
       Ring mail         |       |    11 ||    11
Dodge: Dodged            |    39 |    35 ||    74
